 Dungeon Crawl Stone Soup version 0.30-a0-672-gc3a7216ad8 (webtiles) character file.

Game seed: 11735517562527488517

156 wormed the Changer (level 5, -2/33 HPs)
             Began as an Octopode Transmuter on Jan 19, 2023.
             Slain by a kobold
             ... wielding a +3 whip
              (6 damage)
             ... on level 3 of the Dungeon.
             The game lasted 00:02:19 (2868 turns).

wormed the Changer (Octopode Transmuter)            Turns: 2868, Time: 00:02:20

Health: -2/33      AC:  1    Str:  9    XL:     5   Next: 37%
Magic:  9/9        EV: 13    Int: 23    God:
Gold:   100        SH:  0    Dex: 13    Spells: 3/10 levels left

rFire   . . .      SeeInvis .      - Unarmed
rCold   . . .      Faith    .    (no shield)
rNeg    . . .      Spirit   .    (helmet restricted)
rPois   .          Reflect  .    (no amulet)
rElec   .          Harm     .    e - +6 ring of intelligence
rCorr   .          Rampage  .    (no ring)
Will    .....                    (no ring)
Stlth   ++                       (no ring)
HPRegen 0.25/turn                (no ring)
MPRegen 0.11/turn                (no ring)
                                 (no ring)
                                 (no ring)

@: no status effects
A: almost no armour, amphibious, 8 rings, camouflage 1, gelatinous body 1,
(nimble swimmer 1), tentacles
a: no special abilities


You were on level 3 of the Dungeon.
You visited 1 branch of the dungeon, and saw 4 of its levels.

You collected 100 gold pieces.

Inventory:

Jewellery
 e - a +6 ring of intelligence (left tentacle)
Scrolls
 c - a scroll of fear
 g - a scroll of teleportation {unknown}
Potions
 a - 3 potions of lignification
 b - 3 potions of curing {unknown}
 d - a potion of brilliance {unknown}
 f - a potion of cancellation {unknown}
 h - 2 potions of attraction {unknown}
 i - a potion of mutation {unknown}


   Skills:
 - Level 1.0 Fighting
 - Level 2.0 Dodging
 - Level 3.0 Unarmed Combat
 + Level 3.0 Spellcasting
 * Level 4.0 Transmutations
 + Level 2.2 Ice Magic


You had 3 spell levels left.
You knew the following spells:

 Your Spells              Type           Power      Damage    Failure   Level
a - Beastly Appendage     Tmut           44%        N/A       2%          1
b - Wereblood             Tmut           22%        N/A       3%          2
c - Ice Form              Ice/Tmut       17%        N/A       32%         4

Your spell library contained the following spells:

 Spells                   Type           Power      Damage    Failure   Level
 Necrotise                Necr           12%        1d4       12%         1
 Spider Form              Tmut/Pois      12%        N/A       16%         3
 Tukima's Dance           Hex            3%         N/A       34%         3
 Vampiric Draining        Necr           3%         2d6       34%         3
 Passage of Golubria      Tloc           3%         N/A       75%         4
 Yara's Violent Unravell  Hex/Tmut       6%         3d5       80%         5
 Agony                    Necr           3%         N/A       97%         5


Dungeon Overview and Level Annotations

Branches:
Dungeon (4/15)
 Temple: D:4-7

Altars:

Annotations:
D:3 Natasha


Innate Abilities, Weirdness & Mutations

You cannot wear most types of armour.
You are amphibious.
You can wear up to eight rings at the same time.
Your skin changes colour to match your surroundings (Stealth+).
Your rubbery body absorbs attacks. (AC +1, EV +1)
((You are camouflaged when in or above water. (Stealth+)))
You have tentacles for arms and can constrict up to eight enemies at once.


Message History

You howl as the wereblood boils in your veins!
Found an escape hatch in the floor.
You howl as the wereblood boils in your veins!
You howl as the wereblood boils in your veins!
Your primal bloodlust is almost over.
The kobold attempts to regain its composure.
You howl as the wereblood boils in your veins!
Your primal bloodlust has ended.
Your transformation is almost over.
Your tentacle spike disappears.
Things that are here:
a +0 dagger; a +0 robe; an orc corpse The orc hits you with a +0 club.
The orc hits you with a +0 club. The orc attacks as you move away!
The orc barely misses you. The orc attacks as you move away!
The orc hits you with a +0 club. The orc attacks as you move away!
The orc barely misses you. The orc attacks as you move away!
The orc hits you with a +0 club.
* * * LOW HITPOINT WARNING * * *
The orc attacks as you move away! The orc closely misses you.
You tentacle-slap the orc but do no damage.
Your grab misses the orc. You tentacle-slap the orc.
The orc is lightly wounded.
The orc barely misses you.
You tentacle-slap the orc. Your grab misses the orc. You squeeze the orc.
You kill the orc!
You barely miss the kobold. Your grab misses the kobold. The kobold misses you.
You tentacle-slap the kobold. Your grab misses the kobold.
Your squeeze misses the kobold.
The kobold is moderately wounded.
You tentacle-slap the kobold but do no damage.
Your grab misses the kobold. Your squeeze misses the kobold.
The kobold is moderately wounded.
The kobold hits you with a +3 whip!
* * * LOW HITPOINT WARNING * * *
You tentacle-slap the kobold but do no damage.
Your grab misses the kobold.
The kobold is moderately wounded.
The kobold hits you with a +3 whip.
You die...

#.#.....###.......
#.##.#..###.......
#...>...#.........
####.#.##.#.....[.
#.#...<..###### ####.####.###
######## #..)....#.# #......#
#.#####.#.# ### ###.####.# #@#
#.#.######.. #####.#......# #K#
#..........† #..........#.###.#
#.#....###..
#.###.#..#.....#.#####...........
#....##......#.#.......#...)..##.
####.###.....K...####.###......#.
####.# #####.#.#.# #.####.....#.
.....# #.#.#.####.......<)...
###..# #.#......########...##


You could see a kobold.

Vanquished Creatures
  2 orc wizards (D:3)
  4 adders (D:2)
  4 dart slugs
  7 orcs (D:3)
  4 ball pythons
  5 endoplasms
  2 giant cockroaches (D:2)
  3 goblins
  7 hobgoblins
  4 quokkas
  2 bats
  5 frilled lizards
  3 kobolds
  4 rats
56 creatures vanquished.

Notes
Turn   | Place    | Note
-------+----------+-------------------------------------------
     0 | D:1      | wormed the Octopode Transmuter began the quest for the Orb.
     0 | D:1      | Reached XP level 1. HP: 13/13 MP: 3/3
    70 | D:1      | Reached XP level 2. HP: 12/18 MP: 5/5
   454 | D:1      | Reached skill level 1 in Ice Magic
   521 | D:1      | Reached XP level 3. HP: 23/23 MP: 4/6
   537 | D:1      | Found a faded altar of an unknown god.
  1097 | D:2      | Reached skill level 3 in Transmutations
  1104 | D:2      | Learned a level 2 spell: Wereblood
  1383 | D:2      | Reached XP level 4. HP: 28/28 MP: 1/7
  1461 | D:2      | Learned a level 4 spell: Ice Form
  1855 | D:2      | You fall into a shaft and drop 2 floors!
  2042 | D:3      | Noticed Natasha
  2459 | D:3      | Reached XP level 5. HP: 3/33 MP: 6/9
  2741 | D:3      | Reached skill level 4 in Transmutations
  2868 | D:3      | Slain by a kobold

Illustrated notes

Levels and vault maps discovered:
D:1:      erik_arrival_triangle_small, layout_basic, basic_ecumenical_altar
D:2:      minmay_chambers_of_ones, layout_basic, kennysheep_generic_room_3
D:3:      layout_loops_cross, nicolae_overflow_ecumenical_swirl,
          general_overflow_altar, minmay_hedge_maze, uniq_natasha
D:4:      layout_loops_ring, amcnicky_altar_gilded

Skill      XL: |  1  2  3  4  5 |
---------------+----------------+-----
Ice Magic      | 1 2 |  2.2
Transmutations | 3 4 |  4.0
Spellcasting   | 3 |  3.0
Fighting       | |  1.0
Dodging        | |  2.0
Unarmed Combat | |  3.0

Action                   |  1- 3 |  4- 6 || total
-------------------------+-------+-------++-------
Melee: Unarmed           |    58 |    65 ||   123
       Kick              |    19 |    19 ||    38
       Constrict         |    15 |    13 ||    28
       Tentacles         |    14 |     9 ||    23
       Punch             |     1 |     2 ||     3
 Cast: Beastly Appendage |    21 |    15 ||    36
       Wereblood         |     5 |    16 ||    21
  Use: Scroll            |     4 |     1 ||     5
 Stab: Sleeping          |     3 |     4 ||     7
Armor: Skin              |     1 |       ||     1
Dodge: Dodged            |    29 |    44 ||    73

Table legend: (Time is in decaauts)
 A = Elapsed time spent in this place.
 B = Non-inter-level travel time spent in this place.
 C = Inter-level travel time spent in this place.
 D = Time resting spent in this place.
 E = Time spent auto-exploring this place.
 F = Levels seen in this place.
 G = Mean time per level.
                   A        B        C        D        E       F      G
               +--------+--------+--------+--------+--------+-----+--------+
         Total |   2860 |   2796 |     64 |      0 |   2303 |   4 |  715.0 |
       Dungeon |   2860 |   2796 |     64 |      0 |   2303 |   4 |  715.0 |
               +--------+--------+--------+--------+--------+-----+--------+

Top non-repeatable levels by time:
     D:2: 1081 daAuts
     D:1: 1055 daAuts
     D:3: 661 daAuts
     D:4: 61 daAuts
